 Dungeon Crawl Stone Soup version 0.31-a0-841-g038b102fc3 (webtiles) character file.

Game seed: 18361949257710174225

518581 beavisfan the Skinwalker (level 24, -5/136 HPs)
             Began as a Felid Chaos Knight on Sept 27, 2023.
             Was the Champion of Jiyva.
             Killed by divine providence
             ... invoked by a daeva
              (14 damage)
             ... on level 3 of the Abyss.
             The game lasted 01:17:47 (49742 turns).

beavisfan the Skinwalker (Felid Chaos Knight)      Turns: 49742, Time: 01:17:48

Health: -5/136     AC: 13    Str: 15      XL:     24   Next: 5%
Magic:  0/35       EV: 35    Int: 32 (33) God:    Jiyva [******]
Gold:   772        SH:  0    Dex: 19      Spells: 37/37 levels left
                                        Lives:  0   Deaths: 8

rFire   . .          .
                       - Unarmed
rCold   + + .        (shield unavailable)
rNeg    + + +        (body armour unavailable)
rPois   ∞            (helmet unavailable)
rElec   .            (cloak unavailable)
rCorr   +            (gloves unavailable)
SInv    +            (boots unavailable)
Will    +++++        i - amulet of guardian spirit
Stlth   ++++         e - ring of Gitsupuyg {AC+4 Str+3 Dex+6}
HPRegen 2.02/turn    V - +6 ring of strength
MPRegen 0.74/turn

%: guardian spirit
@: about to teleport, death-form, glowing, studying 2 skills, quick
A: vile attack, torment immunity, no potions, very small, claws 1, fangs 3, see
invisible, speed 1, shaggy fur 3, stealthy paws, no weapons or thrown items, no
armour, multi-lived, iridescent scales 3, clever 2, strong-willed 1, poison
resistance, robust 1, wild magic 3, eyeballs 2, translucent skin 3, MP-powered
wands, engulf
}: 3/15 runes: decaying, serpentine, slimy
a: Siphon Essence, Begin Untransformation, Renounce Religion, Oozemancy, Slimify


You were on level 3 of the Abyss.
You worshipped Jiyva.
Jiyva was exalted by your worship.
You were an undying horror.
You visited 11 branches of the dungeon, and saw 50 of its levels.
You visited the Abyss 1 time.
You also visited: Ice Cave and Wizlab.

You collected 4057 gold pieces.
You spent 3285 gold pieces at shops.

Inventory:

Jewellery
 e - the ring of Gitsupuyg (left paw) {AC+4 Str+3 Dex+6}
   (You found it on level 3 of the Elven Halls)

   [ring of protection]

   AC+4:      It affects your AC (+4).
   Str+3:     It affects your strength (+3).
   Dex+6:     It affects your dexterity (+6).
 i - an amulet of guardian spirit (around neck)
 n - a +6 ring of dexterity
 q - a ring of protection from cold
 t - a +6 ring of intelligence
 v - a ring of protection from fire
 y - a +4 ring of protection
 E - an amulet of magic regeneration
 I - the ring of Fiteix {Will+ Dex+4}
   (You took it off a deep elf death mage on level 3 of the Elven Halls)

   [ring of willpower]

   Dex+4:     It affects your dexterity (+4).
   Will+:     It increases your willpower.
 K - the ring of Laetaus {rPois rCorr}
   (You found it on level 3 of the Crypt)

   [ring of resist corrosion]

   rPois:     It protects you from poison rCorr: It protects you from acid and
   corrosion.
 L - the ring of Raguf {rPois rC+ Str+2 Dex+4}
   (You bought it in a shop on level 2 of the Orcish Mines)

   [ring of poison resistance]

   Str+2:     It affects your strength (+2).
   Dex+4:     It affects your dexterity (+4).
   rC+:       It protects you from cold.
   rPois:     It protects you from poison
 V - a +6 ring of strength (right paw)
 W - an amulet of regeneration
 X - an amulet of reflection
Talismans
 C - a talisman of death (active)
 S - a granite talisman
Wands
 h - a wand of iceblast (57)
 l - a wand of flame (47) (quivered)
 m - a wand of acid (16)
 w - a wand of polymorph (30)
 D - a wand of paralysis (20)
 J - a wand of mindburst (72)
 O - a wand of digging (10)
Scrolls
 a - 2 scrolls of butterflies
 f - 7 scrolls of teleportation
 p - 10 scrolls of amnesia
 u - 3 scrolls of fear
 x - 5 scrolls of fog
 A - 12 scrolls of revelation
 B - 6 scrolls of immolation
 Q - 3 scrolls of vulnerability
 R - 3 scrolls of poison
Potions
 b - 3 potions of cancellation
 g - 4 potions of attraction
 j - 10 potions of mutation
 k - 7 potions of enlightenment
 o - 3 potions of invisibility
 r - 4 potions of brilliance
 s - 2 potions of lignification
 z - 4 potions of resistance
 F - 2 potions of berserk rage
 G - 5 potions of magic
 M - 2 potions of might
 P - 8 potions of curing
 U - a potion of ambrosia
 Y - 7 potions of heal wounds
 Z - 3 potions of haste
Miscellaneous
 d - a box of beasts
 H - a phial of floods
 N - a phantom mirror


   Skills:
 - Level 21.0 Fighting
 - Level 21.0 Dodging
 - Level 21.0 Stealth
 - Level 21.0 Unarmed Combat
 + Level 7.4 Spellcasting
 + Level 11.5 Hexes
 + Level 11.5 Translocations
 + Level 9.0 Evocations
 - Level 23.0 Shapeshifting


You had 37 spell levels left.
You didn't know any spells.
Your spell library contained the following spells:

 Spells                   Type           Power      Damage    Failure   Level
 Apportation              Tloc           100%       N/A       1%          1
 Slow                     Hex            100%       N/A       1%          1
 Jinxbite                 Hex            100%       N/A       1%          2
 Confusing Touch          Hex            100%       N/A       2%          3
 Sigil of Binding         Hex            100%       N/A       2%          3
 Tukima's Dance           Hex            100%       N/A       2%          3
 Passage of Golubria      Tloc           100%       N/A       4%          4
 Inner Flame              Hex/Fire       75%        N/A       7%          3
 Summon Guardian Golem    Hex/Summ       75%        N/A       7%          3
 Fulminant Prism          Conj/Hex       37%        3d17      14%         4
 Iskenderun's Mystic Bla  Conj/Tloc      75%        2d15      14%         4
 Magic Dart               Conj           88%        1d7       16%         1
 Necrotise                Necr           88%        1d8       16%         1
 Shock                    Conj/Air       88%        1d8       16%         1
 Sting                    Tmut/Pois      88%        1d7       16%         1
 Summon Small Mammal      Summ           88%        N/A       16%         1
 Passwall                 Tmut/Erth      18%        N/A       21%         2
 Poisonous Vapours        Pois/Air       44%        N/A       21%         2
 Searing Ray              Conj           44%        2d6       21%         2
 Sublimation of Blood     Necr           22%        N/A       21%         2
 Wereblood                Tmut           22%        N/A       21%         2
 Metabolic Englaciation   Hex/Ice        37%        N/A       30%         5
 Yara's Violent Unravell  Hex/Tmut       37%        3d15      30%         5
 Frozen Ramparts          Ice            44%        1d7       32%         3
 Mephitic Cloud           Conj/Pois/Air  22%        N/A       32%         3
 Swiftness                Air            22%        N/A       32%         3
 Vampiric Draining        Necr           22%        2d7       32%         3
 Airstrike                Air            11%        2d(2-18)  63%         4
 Animate Dead             Necr           22%        N/A       63%         4
 Olgreb's Toxic Radiance  Pois           22%        N/A       63%         4
 Petrify                  Tmut/Erth      22%        N/A       63%         4
 Summon Ice Beast         Ice/Summ       22%        N/A       63%         4
 Alistair's Intoxication  Tmut/Pois      14%        N/A       90%         5
 Freezing Cloud           Conj/Ice/Air   11%        6-21      90%         5
 Irradiate                Conj/Tmut      11%        3d15      90%         5
 Conjure Ball Lightning   Conj/Air       11%        3x3d6     100%        6
 Eringya's Noxious Bog    Tmut/Pois      11%        4d6       100%        6
 Haunt                    Necr/Summ      11%        N/A       100%        7
 Orb of Destruction       Conj           11%        9d6       100%        7
 Spellforged Servitor     Conj/Summ      11%        N/A       100%        7
 Summon Hydra             Summ           11%        N/A       100%        7
 Borgnjor's Revivificati  Necr           11%        N/A       100%        8
 Death's Door             Necr           11%        N/A       100%        9
 Polar Vortex             Ice            11%        12d1*     100%        9
 Shatter                  Erth           11%        3d12*     100%        9
 Dimensional Bullseye     Hex/Tloc       Unusable   N/A       N/A         4

Dungeon Overview and Level Annotations

Branches:
Dungeon (15/15)            Temple (1/1) D:7            Lair (5/5) D:8
  Swamp (4/4) Lair:2        Snake (4/4) Lair:2        Slime (5/5) Lair:4
    Orc (2/2) D:12            Elf (3/3) Orc:2        Vaults (4/5) D:14
  Crypt (3/3) Vaults:3       Tomb (0/3) Crypt:3      Depths (4/4) D:15
    Zot (0/5) Depths:4      IceCv (visited)          WizLab (visited)

Altars:
Ashenzari
Cheibriados
Dithmenos
Elyvilon
Fedhas
Gozag
Hepliaklqana
Kikubaaqudgha
Makhleb
Nemelex Xobeh
Okawaru
Qazlal
Ru
Sif Muna
Trog
Uskayaw
Vehumet
Wu Jian
Xom
Yredelemnul
Zin
The Shining One
Jiyva

Shops:
D:1 (*   D:4 :*   D:6 ::**=   Orc:2 !([?=   Elf:1 !*=*[   Snake:4 :
Vaults:1 (   Depths:1 [   Depths:3 *

Portals:
Hell: Depths:1 Depths:2 Depths:3 Depths:4
Abyss: Depths:1 Depths:3 Depths:4
Pandemonium: Depths:1 Depths:2 Depths:4
Ziggurat: Depths:3

Annotations:
Slime:5 Royal Jelly


Innate Abilities, Weirdness & Mutations

You are an undying horror.
Your melee and unarmed attacks drain, slow and weaken victims.
You are immune to unholy pain and torment.
You cannot drink.
You have sharp claws.
You have razor-sharp teeth.
You have supernaturally acute eyesight. (SInv)
You cover ground quickly. (Speed+)
Your thick and shaggy fur keeps you warm. (AC +3, rC+)
Your paws help you pounce on unaware monsters.
You are incapable of wielding weapons or throwing items.
You cannot wear armour.
You gain extra lives every three experience levels.
You are completely covered in iridescent scales. (AC +6)
Your mind is very acute. (Int +8, Str/Dex -2)
You are strong-willed. (Will+)
Your system is resistant to poisons. (rPois)
You are robust. (+10% HP)
Your spells are much harder to cast, but much more powerful.
Your body has grown many eyes which may confuse attackers. (Acc +5)
Your transparent skin significantly reduces your foes' accuracy. (Stealth+)
You expend magic power (3 MP) to strengthen your wands.
Your melee attacks may engulf your foes in ooze.


Message History

Unknown command.
You scratch the starcursed mass but do no damage.
The starcursed mass completely misses you.
You claw the starcursed mass!
You destroy the starcursed mass!
A chorus of shrieks assaults your mind.
* * * LOW HITPOINT WARNING * * *
A starspawn tentacle comes into view.
You eviscerate the large abomination!!!
You destroy the large abomination!
A starcursed mass splits.
Your Evocations skill increases to level 9!
A wretched star comes into view.
The starcursed mass touches you but does no damage.
You mangle the starcursed mass!!
You destroy the starcursed mass!
You mangle the starcursed mass!!
You destroy the starcursed mass!
A tentacle flies out from the starspawn's body!
A starspawn tentacle comes into view.
A wretched star comes into view.
The daeva calls down the wrath of the Shining One upon you.
The Shining One smites you!
* * * LOW HITPOINT WARNING * * *
As you read the scroll of teleportation, it crumbles to dust.
You feel strangely unstable.
You feel the power of the Abyss delaying your translocation!
The starcursed mass misses you.
The wretched star pulses with an eldritch light!
Your body decomposes!
You feel dopey.
The daeva calls down the wrath of the Shining One upon you.
The Shining One smites you!
* * * LOW HITPOINT WARNING * * *
A starcursed mass splits.
A chorus of shrieks assaults your mind.
* * * LOW HITPOINT WARNING * * *
The daeva calls down the wrath of the Shining One upon you.
The Shining One smites you!
You die...

.. #. . .# .### .
.#.# ##.. .. . . ..#
... . . ─...# #..#
.. . < .....###
##.........
\X#....3# ###..#..#
. ..**ww###.......
.... ...
...XXXXXz....... . #
#####A#####..#......
#. .. #...... . . .
# .. . #........ ..#
# ....# ....#.. # #
#.###..# ## ...# #.
#.# . #.#.# . ..# ##
. ##.# .


You could see 3 starcursed masses, a daeva, a tentacled starspawn, 2 wretched
stars, a large abomination and 2 starspawn tentacles.

Vanquished Creatures
  A dread lich (Crypt:3)
  2 ancient liches
  Mara (Depths:3)
  2 juggernauts
  Boris (Crypt:3)
  Vv (Crypt:1)
  Sojobo (Crypt:3)
  the Lernaean hydra (Swamp:4)
  Saint Roka (Depths:1)
  Bai Suzhen (Crypt:1)
  5 golden dragons (Depths:4)
  Nikola (Vaults:3)
  A pearl dragon (Depths:1)
  8 tentacled monstrosities
  Jorgrun (D:14)
  Zenata (Crypt:1)
  A Hell Sentinel (Abyss:3)
  3 deep elf blademasters
  Rupert (D:15)
  5 liches
  5 quicksilver dragons
  A deep elf master archer (Elf:3)
  3 tentacled starspawn (Abyss:2)
  2 walking divine tomes
  8 ancient champions
  An Executioner (Abyss:2)
  Agnes (D:14)
  2 sphinxes
  2 storm dragons (Depths:4)
  2 thorn hunters (Swamp:3)
  Kirke (D:12)
  5 tengu reavers
  Aizul (Elf:1)
  2 shadow dragons
  5 draconian monks (Depths:4)
  3 nagarajas
  5 revenants
  3 fire giants
  7 frost giants
  Louise (D:15)
  4 iron dragons
  A balrug (Depths:4)
  8 vault wardens
  2 orc warlords
  A deep elf elementalist (Elf:3)
  4 deep elf sorcerers (Elf:3)
  2 curse skulls (Crypt:3)
  9 ghouls
  A draconian shifter (Depths:4)
  17 ironbound preservers
  3 reapers
  2 draconian annihilators (Depths:4)
  3 spriggan defenders
  An ophan (Depths:1)
  8 stone giants
  10 very ugly things
  5 ironbound thunderhulks
  4 deep elf demonologists (Elf:3)
  5 vampire knights
  An apis (Depths:1)
  6 black draconians (Depths:4)
  5 green draconians (Depths:4)
  8 eleionomae
  8 bunyips
  9 white draconians (Depths:4)
  4 purple draconians (Depths:4)
  8 red draconians (Depths:4)
  8 deep elf annihilators
  4 dire elephants (Vaults:2)
  6 spark wasps
  A blizzard demon (Abyss:3)
  9 deep elf death magi
  9 fire dragons
  5 eidola
  7 ettins
  3 deep elf high priests
  2 shambling mangroves
  A mummy priest (Crypt:3)
  5 yaktaur captains
  11 jiangshi
  5 rakshasas
  5 vault guards
  A caustic shrike simulacrum (Crypt:2)
  Fannar (Lair:1)
  6 salamander tyrants
  8 ice dragons
  2 catoblepae
  24 hydras
  5 boulder beetles
  10 alligators
  10 anacondas
  Erica (D:8)
  A juggernaut simulacrum (Crypt:1)
  4 death knights
  3 spriggan air magi
  7 ironbound frosthearts
  8 centaur warriors
  2 fenstrider witch skeletons
  2 ogre magi
  20 dancing weapons
  8 deep troll earth magi
  10 two-headed ogres
  A bennu skeleton (Crypt:2)
  11 deep troll shamans
  A sphinx skeleton (Depths:2)
  4 vampire magi
  3 orc high priests
  13 naga warriors
  4 shock serpents
  9 tengu warriors
  7 naga sharpshooters
  3 thrashing horrors
  Nergalle (D:11)
  A soul eater (Crypt:3)
  10 spriggans
  6 hell knights
  13 deep elf knights
  7 spriggan berserkers
  12 iron trolls
  A sixfirhy (Depths:1)
  34 skeletal warriors
  7 shadow wraiths (Crypt:2)
  3 death drakes
  A salamander mystic (Snake:1)
  Lodul (D:14)
  7 goliath frogs
  6 flayed ghosts
  A skyshark (Lair:5)
  66 deep trolls
  11 bog bodies
  3 spriggan druids
  12 swamp dragons
  11 deep elf archers
  5 lindwurms
  25 deep elf pyromancers
  12 phantasmal warriors
  A fenstrider witch simulacrum (Crypt:2)
  8 ironbound convokers
  2 spriggan simulacra (Crypt:2)
  13 large abominations
  2 harpies
  3 orc knights
  3 wizards
  8 naga ritualists
  24 ugly things
  5 starcursed masses (Abyss:3)
  8 necromancers
  2 orc sorcerers
  22 deep elf zephyrmancers
  12 salamanders
  An iron dragon zombie (Depths:3)
  7 mana vipers
  A frost giant zombie (Depths:2)
  3 cyclopes
  2 oklob plants
  5 manticores
  3 will-o-the-wisps
  A rust devil (Depths:1)
  Maurice (D:11)
  7 guardian serpents
  A black mamba (shapeshifter) (D:15)
  53 black mambas
  6 naga magi
  2 ice statues (IceCv)
  14 vault sentinels
  13 elephants
  An alligator snapping turtle zombie (Crypt:1)
  4 gargoyles
  A minotaur zombie (Crypt:3)
  An orange demon (Depths:1)
  A storm dragon simulacrum (Crypt:2)
  A titan simulacrum (Crypt:2)
  14 cane toads
  A smoke demon (Abyss:3)
  3 molten gargoyles (Lair:5)
  A komodo dragon (shapeshifter) (D:14)
  A centaur skeleton (Crypt:1)
  A swamp worm zombie (Crypt:2)
  3 rime drakes
  A sea snake zombie (Crypt:3)
  2 unseen horrors (Depths:1)
  Psyche (D:11)
  13 freezing wraiths
  A kobold demonologist (D:10)
  7 tengu conjurers
  2 alligator snapping turtle skeletons
  An anaconda simulacrum (Crypt:2)
  A tormentor (Abyss:3)
  7 komodo dragons
  28 yaktaurs
  A golden dragon simulacrum (Depths:3)
  6 guardian mummies (Crypt:3)
  An ice devil (Depths:1)
  A pale draconian skeleton (Crypt:2)
  A harpy zombie (Abyss:3)
  A green draconian skeleton (Crypt:2)
  A death yak skeleton (Crypt:1)
  4 ancient zymes
  A hellwing (Depths:1)
  A yellow draconian skeleton (Crypt:1)
  5 trolls
  An iron troll skeleton (Crypt:3)
  A tarantella (shapeshifter) (D:14)
  3 polar bears
  6 tyrant leeches
  A tengu simulacrum (Depths:2)
  A bloated husk (Swamp:1)
  11 hornets
  A shadow dragon simulacrum (Depths:3)
  A harpy skeleton (Crypt:1)
  A wind drake (Lair:1)
  An ice dragon zombie (Crypt:2)
  10 blink frogs
  A stone giant simulacrum (Crypt:2)
  A human simulacrum (Crypt:2)
  9 slime creatures (IceCv)
  7 flying skulls
  2 iron dragon simulacra (Crypt:2)
  A draconian simulacrum (Crypt:2)
  A fire dragon skeleton (Crypt:3)
  4 vampires (WizLab)
  A dire elephant simulacrum (Crypt:1)
  3 shadows
  5 wyverns
  2 centaur simulacra (Crypt:2)
  13 wraiths
  3 naga simulacra (Crypt:2)
  43 yaks
  12 water elementals
  A fire elemental (Elf:2)
  2 air elementals
  5 hogs
  6 chaos spawn
  Grum (D:8)
  30 vampire mosquitoes
  10 basilisks
  12 wargs
  Menkaure (D:6)
  A death yak simulacrum (Lair:5)
  3 steam dragons
  A faun zombie (Crypt:1)
  13 swamp worms
  41 nagas
  A glowing shapeshifter zombie (Depths:2)
  2 harpy simulacra (Crypt:2)
  4 two-headed ogre zombies (WizLab)
  12 water moccasins
  An acid dragon (D:12)
  A naga zombie (Crypt:1)
  4 hell hounds (Lair:5)
  A glowing shapeshifter skeleton (Depths:3)
  An ice beast (D:5)
  7 swamp drakes (Swamp:4)
  2 black bears (D:5)
  36 orc warriors
  An elephant zombie (Crypt:3)
  2 great orb of eyes simulacra (IceCv)
  7 centaurs
  A tengu (Lair:3)
  15 ogres
  15 wolves
  4 phantoms
  4 slime creature simulacra (IceCv)
  A kobold brigand (D:9)
  20 bullfrogs
  3 elf zombies (Elf:1)
  2 glowing shapeshifter simulacra (IceCv)
  6 earth elementals
  2 gnoll sergeants
  A scorpion (D:7)
  A yaktaur skeleton (Crypt:2)
  2 necrophages
  14 small abominations
  22 wights
  8 troll zombies (WizLab)
  3 electric eels
  A yak skeleton (Crypt:2)
  8 howler monkeys
  4 lava snakes (Lair:5)
  A crimson imp (D:4)
  7 hounds
  A quasit (Abyss:1)
  A centaur zombie (Crypt:1)
  An iron imp (Abyss:3)
  3 jellies
  A basilisk zombie (Crypt:3)
  18 orc priests
  2 iguanas
  22 orc wizards
  Ijyb (D:3)
  A boggart skeleton (Crypt:1)
  4 shapeshifter simulacra (IceCv)
  A wolf simulacrum (Lair:5)
  4 ogre zombies (WizLab)
  A naga skeleton (Crypt:1)
  10 gnolls
  A swamp drake zombie (Crypt:3)
  10 adders
  A shadow imp (D:5)
  4 ufetubi
  4 dart slugs
  91 orcs
  10 ball pythons
  5 endoplasms
  2 giant cockroaches (D:4)
  7 goblins
  7 hobgoblins
  6 jackals
  4 quokkas
  A ball python zombie (Crypt:3)
  3 bats
  4 frilled lizards
  A hobgoblin skeleton (Crypt:2)
  11 kobolds
  A kobold skeleton (Crypt:1)
  4 rats
  2 starspawn tentacles (Abyss:2)
1867 creatures vanquished.

Vanquished Creatures (collateral kills)
  Roxanne (D:14)
  A deep elf elementalist (Elf:3)
  3 deep elf annihilators (Elf:3)
  A fire dragon (Depths:4)
  2 deep elf high priests (Elf:3)
  A naga warrior (Snake:3)
  A shock serpent (Snake:3)
  An iron troll (Depths:2)
  A cyclops (D:14)
  A cane toad (Lair:2)
  2 hornets (Depths:4)
  Sigmund (D:6)
  2 spriggans (Depths:4)
  A water moccasin (Lair:1)
  An orc warrior (D:6)
  2 ogres
  2 ice beasts (D:6)
  3 wolves (D:8)
  A scorpion (D:5)
  A jelly (D:5)
  An iguana (D:4)
  A worm (D:4)
  2 orcs
  A jackal (D:5)
  A kobold (D:4)
35 creatures vanquished.

Vanquished Creatures (others)
  A lich (Depths:4)
  A sphinx (Vaults:2)
  An acid blob (Abyss:3)
  A formless jellyfish (Vaults:2)
  A vault warden (Vaults:4)
  3 ironbound preservers
  3 yaktaur captains
  An ettin (Vaults:2)
  5 great orbs of eyes
  A two-headed ogre (D:14)
  A centaur warrior (Vaults:1)
  A skyshark (shapeshifter) (D:15)
  A wretched star (Abyss:1)
  A goliath frog (Swamp:1)
  A deep troll (Vaults:2)
  2 wizards (Vaults:2)
  3 ironbound convokers
  A deep elf zephyrmancer (Elf:3)
  An orc knight (Vaults:4)
  An ugly thing (D:15)
  3 deep elf pyromancers
  A manticore (D:14)
  A vault sentinel (Vaults:2)
  A smoke demon (Abyss:3)
  A gargoyle (D:13)
  3 yaktaurs
  4 bloated husks
  A blink frog (Lair:3)
  A slime creature (shapeshifter) (Vaults:1)
  A water elemental (D:14)
  38 slime creatures
  A yak (Lair:1)
  A ynoxinul (Abyss:3)
  A floating eye (Depths:2)
  A warg (Vaults:4)
  A water moccasin (Lair:5)
  A floating eye (shapeshifter) (Depths:3)
  6 orc warriors
  A lava snake (Lair:5)
  239 jellies
  2 orc priests (Orc:2)
  2 orc wizards (Orc:2)
  A gnoll (D:12)
  A shadow imp (Abyss:2)
  18 orcs
  16 foxfires
  5 starspawn tentacles
383 creatures vanquished.

Grand Total: 2285 creatures vanquished

Notes
Turn   | Place    | Note
-------+----------+-------------------------------------------
     0 | D:1      | beavisfan the Felid Chaos Knight began the quest for the
                  | Orb.
     0 | D:1      | Reached XP level 1. HP: 10/10 MP: 2/2
    29 | D:1      | Found Yrghoeli's Weapon Shoppe.
   145 | D:1      | Reached skill level 1 in Stealth
   145 | D:1      | Reached XP level 2. HP: 8/14 MP: 3/3
   177 | D:1      | Found Ifinlos's Assorted Antiques.
   246 | D:1      | Found a faded altar of an unknown god.
   246 | D:1      | XOM: silly message
   253 | D:1      | XOM: divination: magic mapping
   255 | D:1      | XOM: butterfly on damage
   255 | D:1      | XOM: smoke on damage
   337 | D:1      | XOM: butterfly on damage
   341 | D:1      | XOM: potion effect (haste)
   522 | D:2      | Reached XP level 3. HP: 13/17 MP: 4/4
   738 | D:2      | XOM: 1-stop teleportation journey
   854 | D:2      | Reached XP level 4. HP: 21/21 MP: 5/5
  1405 | D:3      | XOM: give mutations
  1405 | D:3      | Gained mutation: You have hidden genetic defects. [Xom's
                  | mischief]
  1405 | D:3      | Gained mutation: Your flesh is heat resistant. (rF+) [Xom's
                  | mischief]
  1405 | D:3      | Lost mutation: Your flesh is heat resistant. (rF+) [Xom's
                  | mischief]
  1405 | D:3      | Gained mutation: You are vulnerable to heat. (rF-) [Xom's
                  | mischief]
  1405 | D:3      | Gained mutation: Your body sometimes deteriorates upon
                  | taking damage. [Xom's mischief]
  1440 | D:3      | Noticed Ijyb
  1451 | D:3      | XOM: butterfly on damage
  1461 | D:3      | Killed Ijyb
  1473 | D:3      | Gained mutation: You are weak. (Str -2) [hidden defects]
  1542 | D:3      | XOM: 1-stop teleportation journey
  1621 | D:3      | XOM: 4-stop teleportation journey
  1739 | D:3      | Reached XP level 5. HP: 21/25 MP: 6/6
  1821 | D:3      | XOM: give mutations
  1821 | D:3      | Gained mutation: You are robust. (+10% HP) [Xom's mischief]
  1821 | D:3      | Gained mutation: You sometimes lose your temper in combat.
                  | [Xom's mischief]
  1899 | D:3      | Gained mutation: You are dopey. (Int -2) [hidden defects]
  1899 | D:3      | Lost mutation: You have hidden genetic defects. [hidden
                  | defects expressed]
  1916 | D:3      | XOM: cleaving
  2253 | D:4      | Noticed an ogre
  2265 | D:4      | Killed an ogre
  2266 | D:4      | Reached skill level 5 in Unarmed Combat
  2266 | D:4      | Gained mutation: You are covered in thick fur. (AC +2)
                  | [Felid growth]
  2266 | D:4      | Reached XP level 6. HP: 8/30 MP: 1/7
  2384 | D:4      | Reached skill level 5 in Dodging
  2450 | D:4      | Found Jajokuug's General Store.
  2506 | D:4      | XOM: polymorph white imp -> crimson imp
  2509 | D:4      | XOM: 1-stop teleportation journey
  2538 | D:4      | Found Hidemeuhu's Vocational Training.
  2828 | D:4      | XOM: summons 4 hostile shadow creatures
  2859 | D:5      | Entered Level 5 of the Dungeon
  2861 | D:5      | Reached XP level 7. HP: 22/36 MP: 6/8
  3087 | D:5      | XOM: summons 4 hostile demons
  3088 | D:5      | Noticed a soul eater
  3089 | D:5      | Slain by a soul eater
  3104 | D:5      | Reached skill level 5 in Stealth
  3151 | D:6      | Found Haxtyrphe's Jewellery Emporium.
  3275 | D:5      | XOM: enchant monster (good)
  3295 | D:5      | XOM: enchant monster (bad)
  3309 | D:5      | XOM: butterfly on damage
  3316 | D:5      | Reached skill level 5 in Fighting
  3460 | D:5      | Found a broken altar of Ashenzari.
  3476 | D:5      | Reached XP level 8. HP: 34/40 MP: 9/9
  3484 | D:5      | XOM: enchant monster (good)
  3485 | D:5      | XOM: summons 5 friendly demons
  3736 | D:5      | XOM: summons 3 friendly demons
  3863 | D:5      | XOM: cloud trail
  4167 | D:5      | XOM: god gift: whip {god gift}
  4192 | D:6      | XOM: silly message
  4204 | D:6      | Found Mash's Book Emporium.
  4205 | D:6      | Noticed Sigmund
  4332 | D:6      | XOM: enchant monster (good)
  4373 | D:6      | Killed Sigmund
  4447 | D:6      | XOM: swap monsters
  4468 | D:6      | Reached XP level 9. HP: 31/45 MP: 7/10
  4605 | D:6      | Noticed Menkaure
  4613 | D:6      | Killed Menkaure
  4619 | D:6      | Found Coprosov's General Store.
  4620 | D:6      | Found Qyubidgh's Book Emporium.
  4620 | D:6      | XOM: 5-stop teleportation journey
  4639 | D:6      | XOM: summons friendly ufetubus
  4644 | D:6      | XOM: enchant monster (good)
  4650 | D:6      | XOM: silly message
  4655 | D:6      | XOM: chaos cloud
  4656 | D:6      | XOM: cleaving
  4662 | D:6      | XOM: noise
  4675 | D:6      | Slain by an orc warrior
  4802 | D:6      | XOM: summons 7 friendly demons
  4894 | D:6      | Found Immuol's Specific Store.
  5002 | D:6      | XOM: give mutations
  5002 | D:6      | Lost mutation: You are dopey. (Int -2) [Xom's mischief]
  5002 | D:6      | Gained mutation: You are very weak. (Str -4) [Xom's
                  | mischief]
  5002 | D:6      | Gained mutation: You expend magic power (3 MP) to
                  | strengthen your wands. [Xom's mischief]
  5002 | D:6      | Gained mutation: You are very robust. (+20% HP) [Xom's
                  | mischief]
  5226 | D:7      | XOM: 1-stop teleportation journey
  5344 | D:7      | Found a sparkling altar of Nemelex Xobeh.
  5454 | D:7      | Found a staircase to the Ecumenical Temple.
  5461 | D:7      | XOM: silly message
  5469 | Temple   | Entered the Ecumenical Temple
  5507 | D:7      | XOM: noise
  5619 | D:7      | Found a faded altar of an unknown god.
  5619 | D:7      | Noticed a gargoyle
  5621 | D:7      | Found a hazy altar of Hepliaklqana.
  5626 | D:7      | Killed a gargoyle
  5804 | D:7      | Found a broken altar of Ashenzari.
  5889 | D:7      | Found a radiant altar of Vehumet.
  5954 | D:7      | XOM: give mutations
  5954 | D:7      | Gained mutation: Your spells are a little easier to cast,
                  | but a little less powerful. [Xom's mischief]
  5954 | D:7      | Lost mutation: You are very weak. (Str -4) [Xom's mischief]
  5954 | D:7      | Lost mutation: You are weak. (Str -2) [Xom's mischief]
  6015 | D:8      | Noticed Erica
  6020 | D:8      | Killed Erica
  6021 | D:8      | Reached XP level 10. HP: 56/56 MP: 11/11
  6026 | D:8      | XOM: scenery: summon butterflies
  6051 | D:8      | XOM: potion effect (brilliance)
  6129 | D:8      | XOM: smoke on damage
  6252 | D:8      | XOM: potion effect (brilliance)
  6478 | D:7      | Reached skill level 1 in Shapeshifting
  6512 | D:7      | XOM: 8-stop teleportation journey
  6711 | D:8      | XOM: noise
  6770 | D:8      | Reached skill level 2 in Shapeshifting
  6894 | D:8      | XOM: polymorph orc -> hound
  6938 | D:8      | Found a staircase to the Lair.
  6941 | D:8      | Reached skill level 3 in Shapeshifting
  6955 | D:8      | XOM: god gift: ring mail {god gift}
  6992 | D:8      | Noticed Grum
  6999 | D:8      | XOM: divination: magic mapping
  7003 | D:8      | XOM: confuse monster(s)
  7042 | D:8      | XOM: scenery: summon butterflies
  7045 | D:8      | Killed Grum
  7058 | D:8      | XOM: summons 9 friendly demons
  7065 | D:8      | Reached skill level 4 in Shapeshifting
  7156 | D:8      | XOM: divination: magic mapping
  7190 | D:8      | Noticed a two-headed ogre
  7197 | D:8      | XOM: enchant monster (good)
  7226 | D:8      | Killed a two-headed ogre
  7227 | D:8      | Reached skill level 5 in Shapeshifting
  7393 | D:8      | Reached skill level 6 in Shapeshifting
  7399 | D:8      | XOM: give mutations
  7399 | D:8      | Gained mutation: Your muscles are strong. (Str +4, Int/Dex
                  | -1) [Xom's grace]
  7399 | D:8      | Gained mutation: You have a pair of small horns on your
                  | head. [Xom's grace]
  7411 | D:8      | XOM: give mutations
  7411 | D:8      | Gained mutation: You have a somewhat thin skeletal
                  | structure. (Dex +2, Stealth+) [Xom's grace]
  7411 | D:8      | Lost mutation: You sometimes lose your temper in combat.
                  | [Xom's grace]
  7563 | Lair:1   | Entered Level 1 of the Lair of Beasts
  7563 | Lair:1   | Noticed a cane toad
  7563 | Lair:1   | Noticed a catoblepas
  7565 | Lair:1   | Killed a cane toad
  7603 | D:9      | XOM: divination: magic mapping
  7671 | D:9      | Reached skill level 7 in Shapeshifting
  7696 | D:9      | XOM: 1-stop teleportation journey
  7781 | D:9      | XOM is BORED!
  7800 | D:9      | XOM: cleaving
  7810 | D:9      | XOM: divination: detect creatures
  7897 | D:9      | XOM: summons 2 hostile shadow creatures
  8019 | D:9      | XOM: polymorph orc warrior -> howler monkey
  8168 | D:9      | XOM: 6-stop teleportation journey
  8305 | D:9      | Noticed a white ugly thing
  8307 | D:9      | XOM: cast spell 'Discord'
  8314 | D:9      | Killed a green ugly thing
  8315 | D:9      | Reached skill level 8 in Shapeshifting
  8344 | D:9      | XOM: god gift: sedimented dark potion {god gift}
  8612 | D:10     | Entered Level 10 of the Dungeon
  8667 | D:10     | Reached XP level 11. HP: 60/60 MP: 12/12
  8705 | D:10     | XOM: scenery: create altars
  8748 | D:10     | Reached skill level 9 in Shapeshifting
  8864 | D:10     | XOM: polymorph yak -> rime drake
  9048 | D:10     | XOM: polymorph yak -> polar bear
  9057 | D:10     | Reached skill level 10 in Shapeshifting
  9084 | D:10     | XOM: god gift: +2 plate armour of poison resistance
  9317 | D:10     | Reached skill level 10 in Unarmed Combat
  9391 | D:11     | Noticed a skeletal warrior
  9391 | D:11     | Noticed a skeletal warrior
  9391 | D:11     | Noticed a skeletal warrior
  9392 | D:11     | Noticed a skeletal warrior
  9392 | D:11     | Noticed a skeletal warrior
  9524 | Lair:1   | XOM: summons 2 friendly demons
  9525 | Lair:1   | HP: 2/60 [catoblepas (5)]
  9526 | Lair:1   | XOM: 4-stop teleportation journey
  9579 | D:8      | XOM: give mutations
  9579 | D:8      | Lost mutation: Your muscles are strong. (Str +4, Int/Dex
                  | -1) [Xom's mischief]
  9579 | D:8      | Lost mutation: You are vulnerable to heat. (rF-) [Xom's
                  | mischief]
  9579 | D:8      | Lost mutation: You have a somewhat thin skeletal structure.
                  | (Dex +2, Stealth+) [Xom's mischief]
  9606 | D:8      | XOM: silly message
  9732 | Lair:1   | XOM: cast spell 'Summon Ice Beast'
  9741 | Lair:1   | XOM: divination: magic mapping
  9742 | Lair:1   | XOM: noise
  9750 | D:8      | HP: 1/60 [catoblepas (6)]
  9886 | D:8      | XOM: silly message
  9957 | D:8      | XOM: silly message
  9987 | D:8      | XOM: 3-stop teleportation journey
  9997 | D:8      | XOM: cast spell 'Leda's Liquefaction'
 10005 | D:8      | Killed a catoblepas
 10032 | D:8      | Found a staircase to the Lair.
 10118 | D:8      | XOM: give mutations
 10118 | D:8      | Gained mutation: You have hidden genetic defects. [Xom's
                  | mischief]
 10118 | D:8      | Gained mutation: You are partially covered in iridescent
                  | scales. (AC +2) [Xom's mischief]
 10375 | D:8      | XOM: give mutations
 10375 | D:8      | Lost mutation: You are partially covered in iridescent
                  | scales. (AC +2) [Xom's mischief]
 10375 | D:8      | Lost mutation: You have hidden genetic defects. [Xom's
                  | mischief]
 10616 | D:8      | XOM: scenery: 2 doors close
 10721 | D:8      | XOM: give mutations
 10721 | D:8      | Gained mutation: Your flesh is cold resistant. (rC+) [Xom's
                  | mischief]
 10721 | D:8      | Lost mutation: You have a pair of small horns on your head.
                  | [Xom's mischief]
 10721 | D:8      | Lost mutation: You expend magic power (3 MP) to strengthen
                  | your wands. [Xom's mischief]
 10754 | Lair:1   | XOM: polymorph yak -> wind drake
 10760 | Lair:1   | XOM: swap monsters
 10810 | Lair:1   | XOM: stat loss: -1 Dex (19/21)
 10832 | Lair:1   | XOM: summons 2 hostile shadow creatures
 11021 | Lair:1   | Noticed Fannar
 11037 | Lair:1   | Killed Fannar
 11039 | Lair:1   | XOM: blink monster(s)
 11056 | Lair:1   | XOM: summons 3 friendly demons
 11068 | Lair:1   | Reached skill level 10 in Stealth
 11076 | Lair:1   | XOM: give mutations
 11076 | Lair:1   | Gained mutation: You are partially covered in iridescent
                  | scales. (AC +2) [Xom's grace]
 11076 | Lair:1   | Gained mutation: You have a pair of small horns on your
                  | head. [Xom's grace]
 11076 | Lair:1   | Gained mutation: Your mind is acute. (Int +4, Str/Dex -1)
                  | [Xom's grace]
 11076 | Lair:1   | Gained mutation: You expend magic power (3 MP) to
                  | strengthen your wands. [Xom's grace]
 11365 | Lair:1   | XOM: give mutations
 11365 | Lair:1   | Gained mutation: You are weak. (Str -2) [Xom's mischief]
 11365 | Lair:1   | Gained mutation: You possess an exceptional clarity of
                  | mind. [Xom's mischief]
 11365 | Lair:1   | Lost mutation: Your mind is acute. (Int +4, Str/Dex -1)
                  | [Xom's mischief]
 11401 | Lair:1   | XOM: enchant monster (good)
 11448 | Lair:1   | Reached skill level 10 in Dodging
 11498 | Lair:1   | XOM: blink monster(s)
 11500 | Lair:1   | XOM: blink monster(s)
 11683 | Lair:1   | XOM: swap monsters
 11717 | Lair:1   | XOM: potion effect (might)
 11724 | Lair:1   | Gained mutation: Your thick and shaggy fur keeps you warm.
                  | (AC +3, rC+) [Felid growth]
 11724 | Lair:1   | Reached XP level 12. HP: 42/66 MP: 9/13
 11808 | Lair:1   | XOM is BORED!
 11839 | Lair:1   | XOM: stat loss: -1 Dex (20/21)
 12084 | Lair:1   | Reached skill level 11 in Shapeshifting
 12121 | Lair:1   | XOM: give mutation
 12121 | Lair:1   | Lost mutation: You have a pair of small horns on your head.
                  | [Xom's mischief]
 12351 | Lair:2   | XOM: summons 6 friendly demons
 12381 | Lair:2   | XOM: give mutations
 12381 | Lair:2   | Gained mutation: Your mind is acute. (Int +4, Str/Dex -1)
                  | [Xom's grace]
 12381 | Lair:2   | Gained mutation: Your system is resistant to poisons.
                  | (rPois) [Xom's grace]
 12472 | Lair:2   | XOM: give mutation
 12472 | Lair:2   | Gained mutation: You passively dampen the noise of your
                  | surroundings. [Xom's grace]
 12477 | Lair:2   | XOM: confuse monster(s)
 12490 | Lair:2   | XOM: scenery: create altars
 12584 | Lair:2   | XOM: 2-stop teleportation journey
 12609 | Lair:2   | Found a staircase to the Snake Pit.
 12609 | Lair:2   | Noticed a boulder beetle
 12609 | Lair:2   | XOM: 8-stop teleportation journey
 12745 | Lair:2   | Noticed a catoblepas
 12754 | Lair:2   | Killed a catoblepas
 12783 | Lair:2   | Killed a boulder beetle
 13044 | Lair:2   | XOM: fog
 13050 | Lair:2   | XOM: 3-stop teleportation journey
 13272 | Lair:2   | Found a staircase to the Swamp.
 13400 | Lair:2   | XOM: give mutations
 13400 | Lair:2   | Gained mutation: You have a pair of small horns on your
                  | head. [Xom's grace]
 13400 | Lair:2   | Gained mutation: Your natural rate of healing is unusually
                  | fast. [Xom's grace]
 13461 | Lair:2   | XOM: god gift: +2 chain mail of willpower
 13572 | Lair:3   | XOM: noise
 13581 | Lair:3   | XOM: fog
 13586 | Lair:3   | XOM: divine lightning
 13590 | Lair:3   | XOM: cast spell 'Dispersal'
 13591 | Lair:3   | XOM: summons friendly shadow imp
 13595 | Lair:3   | XOM: 1-stop teleportation journey
 13626 | Lair:3   | XOM: divination: detect creatures
 13637 | Lair:3   | XOM: swap monsters
 13715 | Lair:3   | XOM: repel stairs
 13729 | Lair:3   | XOM: polymorph wolf -> tengu
 13836 | Lair:3   | Reached skill level 12 in Shapeshifting
 13839 | Lair:3   | XOM: noise
 13869 | Lair:3   | XOM: enchant monster (bad)
 13875 | Lair:3   | XOM: silly message
 14280 | Lair:3   | XOM: give mutations
 14280 | Lair:3   | Lost mutation: You have a pair of small horns on your head.
                  | [Xom's mischief]
 14280 | Lair:3   | Lost mutation: You are very robust. (+20% HP) [Xom's
                  | mischief]
 14280 | Lair:3   | Lost mutation: You possess an exceptional clarity of mind.
                  | [Xom's mischief]
 14287 | Lair:3   | XOM: chaos cloud
 14291 | Lair:3   | XOM: blink monster(s)
 14307 | Lair:3   | Reached XP level 13. HP: 59/66 MP: 9/14
 14766 | Lair:4   | XOM: god gift: scroll of butterflies
 14773 | Lair:4   | XOM: 1-stop teleportation journey
 14780 | Lair:4   | XOM: cast spell 'Metabolic Englaciation'
 14785 | Lair:4   | XOM: silly message
 14794 | Lair:4   | XOM: potion effect (might)
 14819 | Lair:4   | Found a staircase to the Slime Pits.
 14834 | Lair:4   | XOM: potion effect (invisibility)
 14850 | Lair:4   | XOM: potion effect (curing)
 14857 | Lair:4   | XOM: potion effect (curing)
 14862 | Lair:4   | XOM: silly message
 15015 | Lair:4   | XOM: silly message
 15305 | Lair:4   | XOM: divination: detect items
 15388 | Lair:4   | XOM: divination: detect creatures
 15432 | Lair:5   | Entered Level 5 of the Lair of Beasts
 15497 | Lair:5   | XOM: divination: detect creatures
 15587 | Lair:5   | XOM: potion effect (brilliance)
 15599 | Lair:5   | XOM: divination: magic mapping
 15611 | Lair:5   | XOM: noise
 15695 | Lair:5   | XOM: divination: magic mapping
 15697 | Lair:5   | XOM: enchant monster (bad)
 15707 | Lair:5   | XOM: cast spell 'Alistair's Intoxication'
 15719 | Lair:5   | XOM: noise
 15723 | Lair:5   | XOM: divination: magic mapping
 15862 | Lair:5   | XOM: confusion (+ monsters)
 15947 | Lair:5   | Found a frozen archway.
 15961 | Lair:5   | XOM: enchant monster (good)
 15992 | IceCv    | Entered an ice cave
 16058 | IceCv    | XOM: polymorph slime creature -> death drake
 16076 | IceCv    | HP: 3/99 [poison (dark miasma)]
 16077 | IceCv    | Succumbed to poison (dark miasma)
 16115 | IceCv    | XOM: confuse monster(s)
 16147 | IceCv    | XOM: give mutations
 16147 | IceCv    | Lost mutation: Your natural rate of healing is unusually
                  | fast. [Xom's mischief]
 16147 | IceCv    | Lost mutation: Your flesh is cold resistant. (rC+) [Xom's
                  | mischief]
 16147 | IceCv    | Gained mutation: You are strong-willed. (Will+) [Xom's
                  | mischief]
 16337 | IceCv    | XOM: destruction
 16354 | IceCv    | Reached skill level 13 in Shapeshifting
 16442 | IceCv    | XOM: scenery: summon butterflies
 16452 | IceCv    | XOM: enchant monster (bad)
 16466 | IceCv    | XOM: divination: detect creatures
 16694 | IceCv    | Found a viscous altar of Jiyva.
 16694 | IceCv    | Noticed an azure jelly
 16697 | IceCv    | Noticed a quicksilver ooze
 16706 | IceCv    | XOM: blink monster(s)
 16710 | IceCv    | Fell from the grace of Xom
 16710 | IceCv    | Became a worshipper of Jiyva Jiecaur the Shapeless
 16721 | IceCv    | Got a tattered book
 16725 | IceCv    | Identified the +0 leather armour of Guitu {Int+5 Slay+2}
 17500 | Lair:5   | Reached * piety under Jiyva
 18048 | Lair:5   | Reached skill level 10 in Fighting
 18092 | Lair:5   | XOM: give mutations
 18092 | Lair:5   | Gained mutation: Your flesh is heat resistant. (rF+) [Xom's
                  | grace]
 18092 | Lair:5   | Gained mutation: Your mind is very acute. (Int +8, Str/Dex
                  | -2) [Xom's grace]
 18092 | Lair:5   | Gained mutation: You passively map a small area around you.
                  | [Xom's grace]
 18230 | Lair:5   | Reached XP level 14. HP: 72/72 MP: 15/15
 18299 | Lair:5   | Found a large runed translucent door.
 18300 | Lair:5   | Found a large runed translucent door.
 18788 | D:11     | XOM: draining
 18920 | D:10     | XOM: give mutations
 18920 | D:10     | Lost mutation: You passively map a small area around you.
                  | [Xom's mischief]
 18920 | D:10     | Lost mutation: You passively dampen the noise of your
                  | surroundings. [Xom's mischief]
 18920 | D:10     | Lost mutation: You are strong-willed. (Will+) [Xom's
                  | mischief]
 18987 | D:11     | Noticed Nergalle
 19204 | D:11     | Reached ** piety under Jiyva
 19363 | D:11     | Noticed Psyche
 19371 | D:11     | Killed Psyche
 19546 | D:11     | Reached skill level 14 in Shapeshifting
 19629 | D:11     | Killed Nergalle
 19664 | D:11     | Reached *** piety under Jiyva
 19668 | D:11     | Noticed Maurice
 19676 | D:11     | Killed Maurice
 19676 | D:11     | XOM: give mutations
 19676 | D:11     | Lost mutation: Your body sometimes deteriorates upon taking
                  | damage. [Xom's mischief]
 19676 | D:11     | Gained mutation: You are mostly covered in iridescent
                  | scales. (AC +4) [Xom's mischief]
 19797 | D:12     | Found a staircase to the Orcish Mines.
 19803 | D:12     | Lost mutation: You are mostly covered in iridescent scales.
                  | (AC +4) [Jiyva's grace]
 19803 | D:12     | Lost mutation: Your mind is very acute. (Int +8, Str/Dex
                  | -2) [Jiyva's grace]
 19803 | D:12     | Lost mutation: You are weak. (Str -2) [Jiyva's grace]
 19803 | D:12     | Lost mutation: Your spells are a little easier to cast, but
                  | a little less powerful. [Jiyva's grace]
 19803 | D:12     | Lost mutation: You expend magic power (3 MP) to strengthen
                  | your wands. [Jiyva's grace]
 19803 | D:12     | Gained mutation: You have hidden genetic potential.
                  | [Jiyva's grace]
 19803 | D:12     | Gained mutation: You have great hidden genetic potential.
                  | [Jiyva's grace]
 19803 | D:12     | Gained mutation: You have a small jelly attached to you
                  | that may absorb projectiles. [Jiyva's grace]
 19803 | D:12     | Gained mutation: You are partially covered in large bone
                  | plates. (SH +4) [Jiyva's grace]
 19944 | D:11     | Mangled by a skeletal warrior
 20507 | D:11     | XOM: noise
 20923 | D:12     | Noticed Kirke
 20936 | D:12     | Killed Kirke
 21088 | D:12     | Found a snail-covered altar of Cheibriados.
 21110 | D:12     | Reached **** piety under Jiyva
 21254 | D:12     | XOM: silly message
 21499 | D:12     | Identified a scroll of acquirement
 21499 | D:12     | Acquired a manual of Unarmed Combat
 21879 | D:13     | Lost mutation: You are partially covered in large bone
                  | plates. (SH +4) [Jiyva's grace]
 21879 | D:13     | Lost mutation: Your flesh is heat resistant. (rF+) [Jiyva's
                  | grace]
 21879 | D:13     | Lost mutation: You are robust. (+10% HP) [Jiyva's grace]
 21879 | D:13     | Gained mutation: You are covered in slimy tendrils that may
                  | disarm your opponents. [Jiyva's grace]
 21879 | D:13     | Gained mutation: You have acidic saliva. [Jiyva's grace]
 21879 | D:13     | Gained mutation: Your translucent skin slightly reduces
                  | your foes' accuracy. (Stealth+) [Jiyva's grace]
 21879 | D:13     | Gained mutation: Your translucent skin reduces your foes'
                  | accuracy. (Stealth+) [Jiyva's grace]
 21968 | D:13     | a satyr changed into a broodmother
 21968 | D:13     | Noticed a broodmother (shapeshifter)
 21991 | D:13     | a broodmother changed into a boulder beetle
 21994 | D:13     | XOM: polymorph boulder beetle -> shapeshifter
 22057 | D:13     | Reached ***** piety under Jiyva
 22219 | D:14     | Noticed Agnes
 22232 | D:14     | Killed Agnes
 22274 | D:14     | Noticed Lodul
 22332 | D:14     | Killed Lodul
 22481 | D:14     | Reached XP level 15. HP: 59/70 MP: 13/16
 22521 | D:14     | Noticed Roxanne
 22541 | D:14     | Killed Roxanne
 22542 | D:14     | Reached skill level 15 in Unarmed Combat
 22615 | D:14     | Found a gate to the Vaults.
 22753 | D:14     | XOM: chaos upgrade
 22859 | D:14     | Noticed Jorgrun
 22863 | D:14     | Killed Jorgrun
 23057 | D:15     | Entered Level 15 of the Dungeon
 23057 | D:15     | Noticed Rupert
 23061 | D:15     | Killed Rupert
 23175 | D:15     | Noticed Louise
 23197 | D:15     | Killed Louise
 23228 | D:15     | Reached skill level 15 in Shapeshifting
 23249 | D:15     | Found a staircase to the Depths.
 23346 | D:15     | Lost mutation: Your system is resistant to poisons. (rPois)
                  | [Jiyva's grace]
 23346 | D:15     | Lost mutation: You have acidic saliva. [Jiyva's grace]
 23346 | D:15     | Lost mutation: Your translucent skin reduces your foes'
                  | accuracy. (Stealth+) [Jiyva's grace]
 23346 | D:15     | Lost mutation: You have great hidden genetic potential.
                  | [Jiyva's grace]
 23346 | D:15     | Gained mutation: You expend magic power (3 MP) to
                  | strengthen your wands. [Jiyva's grace]
 23346 | D:15     | Gained mutation: You have a pair of small horns on your
                  | head. [Jiyva's grace]
 23346 | D:15     | Gained mutation: You have a pair of horns on your head.
                  | [Jiyva's grace]
 23346 | D:15     | Gained mutation: You have a pair of large horns on your
                  | head. [Jiyva's grace]
 23462 | D:15     | Gained mutation: You are robust. (+10% HP) [hidden
                  | potential]
 23539 | D:15     | Reached skill level 15 in Stealth
 24046 | Orc:1    | Entered Level 1 of the Orcish Mines
 24122 | Orc:1    | Reached ****** piety under Jiyva
 24180 | Orc:1    | XOM: torment (78/95 hp)
 24212 | Orc:1    | XOM: stat loss: -2 Str (5/7)
 24620 | Orc:2    | Entered Level 2 of the Orcish Mines
 24698 | Orc:2    | Found a staircase to the Elven Halls.
 24753 | Orc:2    | Found Ehoshruez's Magic Scroll Shoppe.
 24792 | Orc:2    | Found Rese's Antique Weapon Shoppe.
 24861 | Orc:2    | Found Hinwokugy's Antique Armour Emporium.
 24909 | Orc:2    | Lost mutation: You have a pair of large horns on your head.
                  | [Jiyva's grace]
 24909 | Orc:2    | Lost mutation: You have a pair of horns on your head.
                  | [Jiyva's grace]
 24909 | Orc:2    | Lost mutation: Your translucent skin slightly reduces your
                  | foes' accuracy. (Stealth+) [Jiyva's grace]
 24909 | Orc:2    | Gained mutation: You possess an exceptional clarity of
                  | mind. [Jiyva's grace]
 24909 | Orc:2    | Gained mutation: Your muscles are strong. (Str +4, Int/Dex
                  | -1) [Jiyva's grace]
 24909 | Orc:2    | Gained mutation: Your muscles are very strong. (Str +8,
                  | Int/Dex -2) [Jiyva's grace]
 24909 | Orc:2    | Lost mutation: You have hidden genetic potential. [Jiyva's
                  | grace]
 24909 | Orc:2    | Gained mutation: You are somewhat resistant to further
                  | mutation. [Jiyva's grace]
 24910 | Orc:2    | Found Ophiuwuant's Distillery.
 24918 | Orc:2    | XOM: give mutations
 24918 | Orc:2    | Lost mutation: Your muscles are very strong. (Str +8,
                  | Int/Dex -2) [Xom's mischief]
 24918 | Orc:2    | Gained mutation: You are clumsy. (Dex -2) [Xom's mischief]
 24918 | Orc:2    | Lost mutation: You are covered in slimy tendrils that may
                  | disarm your opponents. [Xom's mischief]
 25417 | Orc:2    | Found Mistraid's Jewellery Shoppe.
 25422 | Orc:2    | Bought the ring of Raguf {rPois rC+ Str+2 Dex+4} for 699
                  | gold pieces
 25422 | Orc:2    | Bought a +6 ring of strength for 540 gold pieces
 25648 | Snake:1  | Entered Level 1 of the Snake Pit
 25781 | Slime:1  | Entered Level 1 of the Pits of Slime
 25781 | Slime:1  | Noticed an azure jelly
 25792 | Slime:2  | Noticed an azure jelly
 25796 | Slime:3  | Noticed a rockslime
 25805 | Slime:5  | Entered Level 5 of the Pits of Slime
 25814 | Slime:5  | Noticed an acid blob
 25839 | Slime:5  | Noticed an acid blob
 25848 | Slime:5  | Noticed an acid blob
 25849 | Slime:5  | Noticed an acid blob
 25851 | Slime:5  | Noticed an acid blob
 25870 | Slime:5  | Noticed a rockslime
 25884 | Slime:5  | Noticed an acid blob
 25885 | Slime:5  | Noticed an acid blob
 25896 | Slime:5  | Noticed a rockslime
 25904 | Slime:5  | Found a viscous altar of Jiyva.
 25904 | Slime:5  | Noticed a rockslime
 25908 | Slime:5  | Noticed the Royal Jelly
 25908 | Slime:5  | Noticed an acid blob
 25909 | Slime:5  | Noticed an acid blob
 25919 | Slime:5  | Got a glistering book
 25920 | Slime:5  | Identified the +7 glaive "Teviasku" {flame, Stlth+}
 25922 | Slime:5  | Got a slimy rune of Zot
 26203 | Slime:4  | Noticed an acid blob
 26212 | Slime:2  | Noticed an acid blob
 26523 | Snake:1  | Reached XP level 16. HP: 83/83 MP: 17/17
 26712 | Snake:1  | Reached skill level 15 in Dodging
 26872 | Snake:2  | Reached skill level 16 in Shapeshifting
 27038 | Snake:2  | XOM: torment (87/107 hp)
 27335 | Snake:2  | XOM: give mutations
 27335 | Snake:2  | Lost mutation: You are somewhat resistant to further
                  | mutation. [Xom's mischief]
 27335 | Snake:2  | Gained mutation: You have hidden genetic potential. [Xom's
                  | mischief]
 27335 | Snake:2  | Lost mutation: You expend magic power (3 MP) to strengthen
                  | your wands. [Xom's mischief]
 27335 | Snake:2  | Lost mutation: You have hidden genetic potential. [Xom's
                  | mischief]
 27335 | Snake:2  | Gained mutation: You are somewhat resistant to further
                  | mutation. [Xom's mischief]
 27675 | Snake:2  | XOM: 2-stop teleportation journey
 27692 | Snake:3  | Lost mutation: You have a pair of small horns on your head.
                  | [Jiyva's grace]
 27692 | Snake:3  | Lost mutation: You are clumsy. (Dex -2) [Jiyva's grace]
 27692 | Snake:3  | Lost mutation: You have a small jelly attached to you that
                  | may absorb projectiles. [Jiyva's grace]
 27692 | Snake:3  | Gained mutation: You have acidic saliva. [Jiyva's grace]
 27692 | Snake:3  | Gained mutation: Your body has grown eyes which may confuse
                  | attackers. (Acc +3) [Jiyva's grace]
 27692 | Snake:3  | Gained mutation: Your body has grown many eyes which may
                  | confuse attackers. (Acc +5) [Jiyva's grace]
 27692 | Snake:3  | Gained mutation: Your body is covered in eyes which may
                  | confuse attackers. (Acc +7, SInv) [Jiyva's grace]
 28103 | Snake:3  | XOM: blink monster(s)
 28188 | Snake:3  | XOM: stat loss: -2 Int (23/25)
 28409 | Snake:4  | Entered Level 4 of the Snake Pit
 28730 | Snake:4  | XOM: give mutations
 28730 | Snake:4  | Gained mutation: Your system is resistant to poisons.
                  | (rPois) [Xom's mischief]
 28730 | Snake:4  | Lost mutation: You are robust. (+10% HP) [Xom's mischief]
 28730 | Snake:4  | Gained mutation: Your mind is very acute. (Int +8, Str/Dex
                  | -2) [Xom's mischief]
 28730 | Snake:4  | Gained mutation: You are resistant to electric shocks.
                  | (rElec) [Xom's mischief]
 28730 | Snake:4  | Was forgiven by Xom
 28737 | Snake:4  | Reached XP level 17. HP: 81/81 MP: 18/18
 28761 | Snake:4  | Slain by a salamander tyrant
 28778 | Snake:4  | Reached skill level 17 in Shapeshifting
 28873 | Snake:4  | Found Fusiss's Book Emporium.
 29039 | Snake:4  | Noticed a quicksilver dragon
 29045 | Snake:4  | Killed a quicksilver dragon
 29161 | Snake:4  | Got a serpentine rune of Zot
 29300 | Snake:4  | Lost mutation: You are somewhat resistant to further
                  | mutation. [Jiyva's grace]
 29300 | Snake:4  | Gained mutation: You expend magic power (3 MP) to
                  | strengthen your wands. [Jiyva's grace]
 29300 | Snake:4  | Gained mutation: You are strong-willed. (Will+) [Jiyva's
                  | grace]
 29300 | Snake:4  | Gained mutation: You are highly strong-willed. (Will++)
                  | [Jiyva's grace]
 29300 | Snake:4  | Gained mutation: You are extremely strong-willed. (Will+++)
                  | [Jiyva's grace]
 29765 | Snake:4  | Found Fusiss's Book Emporium.
 30151 | Swamp:1  | Entered Level 1 of the Swamp
 31623 | Swamp:4  | Entered Level 4 of the Swamp
 31694 | Swamp:4  | Noticed a tentacled monstrosity
 31774 | Swamp:4  | Killed a tentacled monstrosity
 31800 | Swamp:4  | Reached skill level 18 in Shapeshifting
 31809 | Swamp:4  | Reached XP level 18. HP: 86/86 MP: 15/19
 32133 | Swamp:4  | Noticed the 27-headed Lernaean hydra
 32137 | Swamp:4  | Killed the 27-headed Lernaean hydra
 32149 | Swamp:4  | Got a decaying rune of Zot
 32613 | Vaults:1 | Entered Level 1 of the Vaults
 32831 | Vaults:1 | Lost mutation: You are partially covered in iridescent
                  | scales. (AC +2) [Jiyva's grace]
 32831 | Vaults:1 | Lost mutation: You possess an exceptional clarity of mind.
                  | [Jiyva's grace]
 32831 | Vaults:1 | Lost mutation: You are extremely strong-willed. (Will+++)
                  | [Jiyva's grace]
 32831 | Vaults:1 | Lost mutation: You have acidic saliva. [Jiyva's grace]
 32831 | Vaults:1 | Gained mutation: Your melee attacks may engulf your foes in
                  | ooze. [Jiyva's grace]
 32831 | Vaults:1 | Gained mutation: You have a small jelly attached to you
                  | that may absorb projectiles. [Jiyva's grace]
 32831 | Vaults:1 | Gained mutation: Your translucent skin slightly reduces
                  | your foes' accuracy. (Stealth+) [Jiyva's grace]
 32831 | Vaults:1 | Gained mutation: Your translucent skin reduces your foes'
                  | accuracy. (Stealth+) [Jiyva's grace]
 33202 | Vaults:1 | Found Ocuthrum's Weapon Emporium.
 33775 | Vaults:2 | Found a magical portal.
 33787 | WizLab   | Entered Zonguldrok's Shrine
 33980 | WizLab   | Reached skill level 19 in Shapeshifting
 34006 | WizLab   | Found the +9 sword of Zonguldrok {reap}
 34017 | WizLab   | Reached XP level 19. HP: 91/91 MP: 20/20
 34065 | WizLab   | Noticed an antique lich
 34073 | WizLab   | Killed an antique lich
 34345 | Vaults:2 | Lost mutation: You are resistant to electric shocks.
                  | (rElec) [Jiyva's grace]
 34345 | Vaults:2 | Lost mutation: You have a small jelly attached to you that
                  | may absorb projectiles. [Jiyva's grace]
 34345 | Vaults:2 | Lost mutation: Your melee attacks may engulf your foes in
                  | ooze. [Jiyva's grace]
 34345 | Vaults:2 | Gained mutation: Your melee attacks may engulf your foes in
                  | ooze. [Jiyva's grace]
 34345 | Vaults:2 | Gained mutation: You passively dampen the noise of your
                  | surroundings. [Jiyva's grace]
 34345 | Vaults:2 | Gained mutation: You are agile. (Dex +4, Str/Int -1)
                  | [Jiyva's grace]
 34345 | Vaults:2 | Gained mutation: You are very agile. (Dex +8, Str/Int -2)
                  | [Jiyva's grace]
 35011 | Vaults:3 | Noticed Nikola
 35022 | Vaults:3 | Killed Nikola
 35164 | Vaults:3 | Found the +6 arbalest "Damnation" {damnation}
 35536 | Vaults:3 | Found a staircase to the Crypt.
 35536 | Vaults:3 | Found an ancient bone altar of Kikubaaqudgha.
 35537 | Vaults:3 | Found a basalt altar of Yredelemnul.
 35911 | Vaults:4 | Reached skill level 20 in Shapeshifting
 35941 | Vaults:4 | Lost mutation: You are very agile. (Dex +8, Str/Int -2)
                  | [Jiyva's grace]
 35941 | Vaults:4 | Lost mutation: You are highly strong-willed. (Will++)
                  | [Jiyva's grace]
 35941 | Vaults:4 | Lost mutation: Your body is covered in eyes which may
                  | confuse attackers. (Acc +7, SInv) [Jiyva's grace]
 35941 | Vaults:4 | Gained mutation: Your transparent skin significantly
                  | reduces your foes' accuracy. (Stealth+) [Jiyva's grace]
 35941 | Vaults:4 | Gained mutation: You are robust. (+10% HP) [Jiyva's grace]
 35941 | Vaults:4 | Gained mutation: You are very robust. (+20% HP) [Jiyva's
                  | grace]
 35941 | Vaults:4 | Gained mutation: You are extremely robust. (+30% HP)
                  | [Jiyva's grace]
 36057 | Vaults:4 | Reached skill level 15 in Fighting
 36776 | Crypt:1  | Entered Level 1 of the Crypt
 36885 | Crypt:1  | Reached XP level 20. HP: 126/126 MP: 19/21
 36951 | Crypt:1  | Noticed Bai Suzhen
 36980 | Crypt:1  | Killed Bai Suzhen
 37067 | Crypt:1  | Noticed Zenata
 37074 | Crypt:1  | Noticed Vv
 37098 | Crypt:1  | Killed Vv
 37107 | Crypt:1  | Killed Zenata
 37835 | Crypt:2  | Lost mutation: You are agile. (Dex +4, Str/Int -1) [Jiyva's
                  | grace]
 37835 | Crypt:2  | Lost mutation: You are extremely robust. (+30% HP) [Jiyva's
                  | grace]
 37835 | Crypt:2  | Lost mutation: Your muscles are strong. (Str +4, Int/Dex
                  | -1) [Jiyva's grace]
 37835 | Crypt:2  | Lost mutation: Your melee attacks may engulf your foes in
                  | ooze. [Jiyva's grace]
 37835 | Crypt:2  | Gained mutation: Your melee attacks may engulf your foes in
                  | ooze. [Jiyva's grace]
 37835 | Crypt:2  | Gained mutation: Your spells are a little harder to cast,
                  | but a little more powerful. [Jiyva's grace]
 37835 | Crypt:2  | Gained mutation: Your spells are harder to cast, but more
                  | powerful. [Jiyva's grace]
 37835 | Crypt:2  | Gained mutation: Your spells are much harder to cast, but
                  | much more powerful. [Jiyva's grace]
 37986 | Crypt:2  | Reached skill level 21 in Shapeshifting
 38465 | Crypt:3  | Entered Level 3 of the Crypt
 38538 | Crypt:3  | Found the +7 sceptre of Torment {pain, torment}
 38614 | Crypt:3  | Noticed Boris
 38696 | Crypt:3  | Killed Boris
 38795 | Crypt:3  | Found a staircase to the Tomb.
 39045 | Crypt:3  | Noticed an ancient lich
 39050 | Crypt:3  | Identified the ring of Laetaus {rPois rCorr}
 39051 | Crypt:3  | Noticed a dread lich
 39054 | Crypt:3  | Killed an ancient lich
 39059 | Crypt:3  | Reached XP level 21. HP: 123/123 MP: 22/22
 39072 | Crypt:3  | Killed a dread lich
 39078 | Crypt:3  | Noticed Sojobo
 39410 | Crypt:3  | Found a staircase to the Tomb.
 39442 | Crypt:3  | Killed Sojobo
 40293 | Elf:1    | Entered Level 1 of the Elven Halls
 40350 | Elf:1    | Got a conspicuous book
 40423 | Elf:1    | Lost mutation: You are very robust. (+20% HP) [Jiyva's
                  | grace]
 40423 | Elf:1    | Lost mutation: Your spells are much harder to cast, but
                  | much more powerful. [Jiyva's grace]
 40423 | Elf:1    | Lost mutation: You passively dampen the noise of your
                  | surroundings. [Jiyva's grace]
 40423 | Elf:1    | Gained mutation: You are partially covered in iridescent
                  | scales. (AC +2) [Jiyva's grace]
 40423 | Elf:1    | Gained mutation: You are mostly covered in iridescent
                  | scales. (AC +4) [Jiyva's grace]
 40423 | Elf:1    | Gained mutation: You are completely covered in iridescent
                  | scales. (AC +6) [Jiyva's grace]
 40423 | Elf:1    | Gained mutation: Your spells are much harder to cast, but
                  | much more powerful. [Jiyva's grace]
 40429 | Elf:1    | Found Koavoll's Armour Emporium.
 40619 | Elf:1    | Noticed Aizul
 40629 | Elf:1    | Killed Aizul
 40630 | Elf:1    | Found Manioth's Distillery.
 40632 | Elf:1    | Found Oda Leir's Jewellery Shop.
 40632 | Elf:1    | Found Gadoesaz's Assorted Antiques.
 40638 | Elf:1    | Found Nuheaticie's General Store.
 40647 | Elf:1    | Bought a talisman of death for 2046 gold pieces
 41301 | Elf:2    | Found a runed translucent gate.
 41314 | Elf:2    | Found a runed translucent gate.
 41314 | Elf:2    | Found a runed translucent gate.
 41403 | Elf:2    | HP: 1/100 [+2 scimitar of holy wrath (23)]
 41471 | Elf:1    | HP: 3/101 [deep elf knight/lance of force (20)]
 41471 | Elf:1    | Collided with a rock wall
 41573 | Elf:1    | Found Koavoll's Armour Emporium.
 41704 | Elf:1    | Found Manioth's Distillery.
 41706 | Elf:1    | Found Oda Leir's Jewellery Shop.
 41706 | Elf:1    | Found Gadoesaz's Assorted Antiques.
 41710 | Elf:1    | Found Nuheaticie's General Store.
 41952 | Elf:2    | Reached skill level 22 in Shapeshifting
 42193 | Elf:3    | Entered Level 3 of the Elven Halls
 42204 | Elf:3    | Found a radiant altar of Vehumet.
 42926 | Elf:3    | Reached skill level 23 in Shapeshifting
 42938 | Elf:3    | Identified the ring of Fiteix {Will+ Dex+4}
 43049 | Elf:3    | Identified the +0 robe "Syngara" {MP+9 Dex+3}
 43054 | Elf:3    | Identified the +0 broad axe of the Fresh God {freeze,
                  | Int+4}
 43098 | Elf:3    | Identified the ring of Gitsupuyg {AC+4 Str+3 Dex+6}
 43160 | Elf:3    | Got a shiny book
 43169 | Elf:3    | Got a resplendent book
 43480 | Depths:1 | Entered Level 1 of the Depths
 43480 | Depths:1 | Found Sehioset's Antique Armour Boutique.
 43500 | Depths:1 | Reached XP level 22. HP: 122/122 MP: 23/23
 43548 | Depths:1 | Found a gateway to Hell.
 43803 | Depths:1 | Found a white marble altar of Elyvilon.
 43803 | Depths:1 | Found a glowing golden altar of the Shining One.
 43803 | Depths:1 | Found a glowing silver altar of Zin.
 43878 | Depths:1 | Noticed Saint Roka
 43941 | Depths:1 | Killed Saint Roka
 44153 | Depths:1 | Found a one-way gate leading to the halls of Pandemonium.
 44294 | Depths:1 | Found a one-way gate to the infinite horrors of the Abyss.
 44741 | Depths:2 | You fall into a shaft and drop 2 floors!
 44741 | Depths:4 | Entered Level 4 of the Depths
 44741 | Depths:4 | Noticed a golden dragon
 44741 | Depths:4 | Noticed a golden dragon
 44747 | Depths:4 | Killed a golden dragon
 44844 | Depths:4 | Noticed a juggernaut
 44860 | Depths:4 | Killed a juggernaut
 45093 | Depths:4 | Noticed a golden dragon
 45103 | Depths:4 | Killed a golden dragon
 45252 | Depths:4 | Identified the +3 ring mail "Rir Ath" {rF+ Str+3}
 45398 | Depths:4 | Noticed a golden dragon
 45408 | Depths:4 | Killed a golden dragon
 45409 | Depths:4 | Reached skill level 1 in Hexes
 45409 | Depths:4 | Reached skill level 1 in Translocations
 45409 | Depths:4 | Reached skill level 1 in Evocations
 45443 | Depths:4 | Noticed a golden dragon
 45456 | Depths:4 | Killed a golden dragon
 45457 | Depths:4 | Reached skill level 1 in Spellcasting
 45578 | Depths:4 | Found a gate to the Realm of Zot.
 45757 | Depths:4 | Reached skill level 5 in Hexes
 45757 | Depths:4 | Reached skill level 5 in Translocations
 45785 | Depths:4 | Reached XP level 23. HP: 104/132 MP: 20/28
 46175 | Depths:3 | Found a one-way gateway to a ziggurat.
 46224 | Depths:3 | Noticed a juggernaut
 46229 | Depths:3 | Identified the +8 long sword "Wiropuoph" {venom, Str+3}
 46245 | Depths:3 | Killed from afar by a living spell
 46374 | Depths:2 | Reached skill level 5 in Evocations
 47175 | Depths:2 | Identified the +0 helmet of Peek-a-Boo {rCorr MP+9 Slay+2}
 47356 | Depths:3 | Reached skill level 5 in Spellcasting
 47621 | Depths:3 | Killed from afar by a fire giant
 47708 | Depths:3 | Noticed Mara
 47726 | Depths:3 | Killed Mara
 47962 | Depths:2 | Killed a juggernaut
 48099 | Depths:3 | Reached skill level 10 in Hexes
 48099 | Depths:3 | Reached skill level 10 in Translocations
 48272 | Depths:3 | Identified the +9 great sword of Wainar {flame, rF+}
 48458 | Depths:3 | Found a shimmering blue altar of Sif Muna.
 48657 | Depths:3 | Found Big Baal Hell's Store.
 48923 | Depths:3 | Voluntarily entered the Abyss.
 48950 | Abyss:1  | Found a corrupted altar of Lugonu.
 48978 | Abyss:1  | Found a corrupted altar of Lugonu.
 48999 | Abyss:1  | Found a corrupted altar of Lugonu.
 49352 | Abyss:2  | Found an opulent altar of Gozag.
 49383 | Abyss:2  | Found an opulent altar of Gozag.
 49538 | Abyss:3  | Reached XP level 24. HP: 125/136 MP: 30/34
 49732 | Abyss:3  | Paralysed by accursed screaming for 1 turns
 49742 | Abyss:3  | Killed from afar by a daeva

Illustrated notes

Levels and vault maps discovered:
D:1:      amcnicky_arrival_gap_in_the_tavern_cellar, layout_basic, serial_shops,
          nicolae_shop_statue_plus, nicolae_shop_hallway_plus,
          ebering_ecumenical_altar_rust
D:2:      layout_basic, minmay_fountain_box, minmay_misc_feat_cross
D:3:      layout_basic, amcnicky_mini_corridor_feature, minivault_27,
          minmay_distorted, uniq_ijyb
D:4:      layout_rooms, serial_shops, nicolae_shop_tiny_statue_garden,
          nicolae_shop_vocational
D:5:      layout_gridville, minmay_ruined_shrine
D:6:      layout_cave_pools, serial_rivers, chequers_serial_rivers_micro_b,
          chequers_serial_rivers_micro_a, chequers_serial_rivers_room_b,
          chequers_serial_rivers_small_3, chequers_serial_rivers_small_b,
          chequers_serial_rivers_micro_c, serial_shops,
          nicolae_shop_statue_plus, shop_statue,
          nicolae_shop_tiny_statue_garden, nicolae_specific_store, minivault_27,
          uniq_sigmund, uniq_menkaure
D:7:      layout_basic, lemuel_round_altar, vehumet_crystals,
          overflow_temple_1_default, beargit_hepliaklqana_dungeon_heroes,
          minmay_temple_entry_large_hall
D:8:      layout_cave_pods, lair_entry_dummy, enter_bailey_7,
          kennysheep_big_empty_room, uniq_erica, uniq_grum
D:9:      layout_basic
D:10:     layout_cave_pools
D:11:     minmay_ornate_pinched, layout_irregular_city, minmay_between,
          uniq_nergalle, uniq_maurice, uniq_psyche
D:12:     layout_gridville, orc_0_dummy, kennysheep_slug_shrine, uniq_kirke
D:13:     layout_loops_ring, lemuel_flamethrower_3
D:14:     layout_gridville, david_vaults_2, hangedman_decor_points,
          serial_bayou, serial_bayou_lake_a, serial_bayou_shore_b,
          serial_bayou_lagoon_b, serial_bayou_lagoon_a, uniq_jorgrun,
          uniq_agnes, uniq_roxanne, uniq_lodul
D:15:     gammafunk_enter_depths_forms, layout_loops_ring, nicolae_two_hexagons,
          uniq_louise, uniq_rupert
Temple:   eino_narrow_crystal_temple
Lair:1:   layout_regular_city, beast_lair_carwin_8, serial_bayou_shore_a,
          grunt_megastairs_5, uniq_fannar
Lair:2:   layout_gridlike, minmay_swamp_entry_swarm, dummy_snake_entry,
          gauntlet_entry_generic
Lair:3:   layout_chaotic_city
Lair:4:   layout_regular_city, dpeg_slime_entry_corner
Lair:5:   cheibrodos_lair_end_hotspot, layout_cave_pods,
          portal_ice_cave_entry_ice_simulacra, wad_woods_road_04
Swamp:1:  layout_basic_swamp, evilmike_swamp_ruin_house_4
Swamp:2:  layout_falls_marsh, evilmike_swamp_ruin_rubble_1
Swamp:3:  layout_falls_marsh, evilmike_swamp_ruin_house_6
Swamp:4:  grunt_swamp_rune_castle, layout_basic_swamp, swamp_pool3,
          nicolae_swamp_tree_designs
Snake:1:  layout_onion_interference, nicolae_snake_salamander_stairs,
          lemuel_fruit_tree, grunt_megastairs_3
Snake:2:  layout_cave_pods
Snake:3:  layout_onion, serial_bayou_shore_b, serial_bayou_shore_b
Snake:4:  hellmonk_snake_rune_quicksilver_temple, layout_basic, serial_shops,
          nicolae_shop_rolling_square
Slime:1:  layout_caves
Slime:2:  layout_caves
Slime:3:  layout_caves, nicolae_slime_phagocytosis
Slime:4:  layout_caves
Slime:5:  slime_pit_nicolae_royal_road_to_ruin
Orc:1:    layout_caves, basic_altar
Orc:2:    grunt_orc_community_town_hall, layout_caves,
          grunt_orc_community_big_house_1, grunt_orc_community_big_house_2,
          grunt_orc_community_house_2, grunt_orc_community_house_1,
          grunt_orc_community_house_3, grunt_orc_community_house_2,
          serial_shops, nicolae_shop_trees, nooodl_orcs_dogs
Elf:1:    layout_geoelf_octagon, serial_shops, shop, minmay_elf_necromancy,
          minmay_shoptagon, uniq_aizul
Elf:2:    nicolae_elf_blades_crystal_corner, layout_geoelf_octagon
Elf:3:    minmay_elf_hall_spiked, layout_geoelf_diagonals, basic_altar,
          minivault_20, grunt_ministairs_9, unseen_surprise_small
Vaults:1: nicolae_vaults_triangles, grunt_vaults_hallway_long,
          nicolae_vaults_disappearing_quadrants, vaults_standard_mumra_x,
          v_misc_11, nicolae_vaults_taking_the_gang_shopping,
          nicolae_vaults_sightless_eye, nicolae_vaults_house_2,
          layout_vaults_omnicross
Vaults:2: infiniplex_enter_wizlab_water, nicolae_vaults_hexular_roomagon,
          nicolae_vaults_twisting_passages, nicolae_vaults_trapezoid_layered,
          nicolae_vaults_meiosis, dpeg_vaults_monster_row,
          hangedman_vaults_capsules, grunt_vaults_twisty,
          dpeg_vaults_hating_casters, hangedman_vaults_pinch,
          ontoclasm_vaults_hangar, ontoclasm_vaults_idyll, layout_vaults_ring
Vaults:3: minmay_crypt_entry_necro_gods, vaults_dpeg_doors,
          nicolae_vaults_swerve, nicolae_vaults_network_periphery,
          nicolae_vaults_tetromino_T_1, nicolae_vaults_closet_pinwheel_5,
          v_misc_23, nicolae_vaults_yaktaur_gun_rack,
          nicolae_vaults_oval_intersection, nicolae_vaults_tetromino_T_1,
          ontoclasm_vaults_gateway, nicolae_vaults_two_Ls,
          layout_vaults_maze_snakey, uniq_nikola
Vaults:4: nicolae_vaults_turnstiles, nicolae_vaults_network_barrier,
          vaults_dpeg_cross, nicolae_vaults_storage_closets_3,
          nicolae_vaults_storage_closets_1, nicolae_vaults_hallways_thing,
          grunt_vaults_hallway_short, nicolae_vaults_shelves_hall,
          nicolae_vaults_stepped_doors, nicolae_vaults_gold_heap,
          layout_vaults_big_room
Crypt:1:  layout_basic, uniq_vv, uniq_bai_suzhen, uniq_zenata
Crypt:2:  layout_chaotic_city, st_chilly_death
Crypt:3:  david_glass_crypt, layout_gridlike, tomb_entry_shell_bobbens,
          uniq_boris, uniq_sojobo
Depths:1: layout_gridlike, serial_shops, shop, hell_entry,
          minmay_room_of_horrors, grunt_pan_entry_sceptre, hallowed_hall,
          uniq_saint_roka
Depths:2: kennysheep_bubble_arena, layout_cave_shapes, pan_entry, hell_entry,
          minmay_stone_trees_small, infiniplex_staircase_pool_1
Depths:3: grunt_crosshair, layout_cave_shapes, enter_ziggurat_f,
          nicolae_hell_entry_big_baal_hell, serial_bayou_pond_c, abyss_entry,
          lemuel_blue_sif_altar, infiniplex_staircase_zigzag_5, uniq_mara
Depths:4: lemuel_castle_with_subvaults [lemuel_castle_interior_carwin_1],
          layout_gridlike, pan_entry, pf_dread_powers_of_hell, abyss_entry
Abyss:3:  base: Snake:2, hangedman_abyss_mock_shop, hangedman_abyss_mock_shop,
          gammafunk_corrupted_shrine, gammafunk_corrupted_shrine, minivault_28

Skill      XL: |  1  2  3  4  5  6  7  8  9 10 11 12 13 14 15 16 17 18 19 20 21 22 23 24 |
---------------+-------------------------------------------------------------------------+-----
Stealth        | 1 2 3 4 5 7 9 10 11 13 14 15 16 17 18 20 21 | 21.0
Dodging        | 4 5 6 7 9 10 11 12 13 14 15 16 17 19 21 | 21.0
Unarmed Combat | 4 5 6 8 9 10 12 13 14 17 19 20 21 | 21.0
Fighting       | 4 5 6 7 8 9 10 11 12 13 14 15 16 18 21 | 21.0
Shapeshifting  | 8 10 12 13 14 15 16 18 19 20 21 23 | 23.0
Hexes          | 5 11 | 11.5
Translocations | 5 11 | 11.5
Evocations     | 3 8 9 |  9.0
Spellcasting   | 3 7 |  7.4

Action                     |  1- 3 |  4- 6 |  7- 9 | 10-12 | 13-15 | 16-18 | 19-21 | 22-24 || total
---------------------------+-------+-------+-------+-------+-------+-------+-------+-------++-------
  Melee: Unarmed           |    79 |   137 |   266 |   834 |  1424 |   939 |  1276 |  1250 ||  6205
         Bite              |     4 |    16 |    38 |   149 |   265 |   122 |   210 |   216 ||  1020
         Punch             |     1 |     7 |    19 |     6 |    41 |   116 |   200 |   261 ||   651
         Headbutt          |       |       |       |   111 |    65 |    24 |       |       ||   200
  Evoke: Wand              |       |       |     3 |       |     2 |       |       |     4 ||     9
    Use: Potion            |       |     3 |     1 |     6 |     2 |     1 |     4 |       ||    17
         Scroll            |       |     1 |    13 |    12 |    10 |     7 |     4 |     9 ||    56
   Stab: Sleeping          |     3 |    14 |     8 |    19 |    35 |    32 |    49 |    23 ||   183
         Distracted        |       |       |     1 |     4 |     9 |     4 |    13 |    26 ||    57
         Confused          |       |       |     1 |     4 |     2 |    55 |    44 |    27 ||   133
         Petrifying        |       |       |     1 |       |       |       |       |       ||     1
         Paralysed         |       |       |       |     1 |       |       |       |       ||     1
 Armour: Skin              |    17 |    43 |    94 |   277 |   508 |   775 |   504 |   326 ||  2544
  Dodge: Dodged            |    60 |   151 |   301 |   909 |  1707 |  1868 |  1797 |  1225 ||  8018
  Block: Other             |       |       |       |       |    31 |       |       |       ||    31
   Form: Flux              |       |       |       |     1 |     1 |       |       |       ||     2
         Statue            |       |       |       |       |     2 |       |       |       ||     2
         Death             |       |       |       |       |       |       |     1 |       ||     1

Table legend: (Time is in decaauts)
 A = Elapsed time spent in this place.
 B = Non-inter-level travel time spent in this place.
 C = Inter-level travel time spent in this place.
 D = Time resting spent in this place.
 E = Time spent auto-exploring this place.
 F = Levels seen in this place.
 G = Mean time per level.
                   A        B        C        D        E       F      G
               +--------+--------+--------+--------+--------+-----+--------+
         Total |  52803 |  48770 |   4033 |    758 |  35687 |  55 |  960.1 |
       Dungeon |  15331 |  14114 |   1217 |    367 |  10889 |  15 | 1022.1 |
        Temple |      1 |      1 |      0 |      0 |      0 |   1 |    1.0 |
          Lair |   6564 |   5989 |    575 |    100 |   4453 |   5 | 1312.8 |
         Swamp |   3530 |   3249 |    281 |      0 |   2237 |   4 |  882.5 |
     Snake Pit |   5570 |   5211 |    359 |      0 |   4038 |   4 | 1392.5 |
    Slime Pits |    409 |    293 |    116 |      0 |    258 |   5 |   81.8 |
  Orcish Mines |   2166 |   2006 |    160 |    291 |   1335 |   2 | 1083.0 |
   Elven Halls |   2620 |   2454 |    166 |      0 |   1586 |   3 |  873.3 |
        Vaults |   5697 |   5109 |    588 |      0 |   4119 |   4 | 1424.2 |
         Crypt |   4667 |   4432 |    235 |      0 |   3206 |   3 | 1555.7 |
        Depths |   4288 |   3955 |    333 |      0 |   2472 |   4 | 1072.0 |
         Abyss |    634 |    634 |      0 |      0 |    367 |   3 |  211.3 |
      Ice Cave |    889 |    889 |      0 |      0 |    579 |   1 |  889.0 |
        Wizlab |    432 |    432 |      0 |      0 |    144 |   1 |  432.0 |
               +--------+--------+--------+--------+--------+-----+--------+

Top non-repeatable levels by time:
     D:8: 2525 daAuts
 Snake:4: 2397 daAuts
 Crypt:3: 2276 daAuts
  Lair:5: 1792 daAuts
  Lair:1: 1621 daAuts
    D:11: 1606 daAuts
Vaults:1: 1578 daAuts
Vaults:2: 1483 daAuts
Vaults:3: 1428 daAuts
    D:15: 1377 daAuts
  Lair:2: 1323 daAuts
   Orc:2: 1285 daAuts
 Crypt:1: 1250 daAuts
     D:5: 1244 daAuts
 Snake:2: 1238 daAuts
